 Dungeon Crawl Stone Soup version 0.31-a0-833-gc15d34cb79 (webtiles) character file.

Game seed: 5475571760778700465

24798 mcwallace the Blocker (level 13, -6/70 HPs)
             Began as a Vine Stalker Fighter on Sept 25, 2023.
             Was a Priest of the Shining One.
             Mangled by a salamander
             ... wielding a +2 trident of protection
              (14 damage)
             ... in a volcano.
             The game lasted 00:46:04 (11328 turns).

mcwallace the Blocker (Vine Stalker Fighter)       Turns: 11328, Time: 00:46:06

Health: -6/70      AC: 13    Str: 20    XL:     13   Next: 15%
Magic:  0/22       EV: 15    Int: 12    God:    the Shining One [***...]
Gold:   680        SH: 19    Dex: 14    Spells: 20/22 levels left

rFire   . . .        t - +9 war axe of Valiance {flame, +Blink, axe}
rCold   . . .        S - +0 kite shield
rNeg    + . .        F - +3 leather armour {Will+}
rPois   .            y - +2 hat
rElec   .            V - +0 cloak
rCorr   .            (no gloves)
SInv    .            (no boots)
Will    ++...        (no amulet)
Stlth   +            v - +4 ring of protection
HPRegen 1.11/turn    J - +5 ring of evasion
MPRegen 0.18/turn

%: guardian spirit
@: divinely shielded, wereblooded, glowing
A: fangs 3, regeneration 1, magic shield, antimagic bite, no potion heal 2
a: Renounce Religion, Evoke Blink, Divine Shield, Cleansing Flame


You were in a volcano.
You worshipped the Shining One.
The Shining One was most pleased with you.
You visited 3 branches of the dungeon, and saw 13 of its levels.
You also visited: Bailey and Volcano.

You collected 734 gold pieces.
You spent 54 gold pieces at shops.


Innate Abilities, Weirdness & Mutations

You have razor-sharp teeth.
Your natural rate of healing is unusually fast.
When hurt, damage is shared between your health and your magic reserves.
Your bite disrupts and absorbs the magic of your enemies.
Potions cannot restore your health.


   Skills:
 - Level 9.0 Fighting
 - Level 8.0 Short Blades
 + Level 4.6 Axes
 - Level 5.0 Armour
 + Level 9.9 Shields
 + Level 5.3 Spellcasting
 - Level 8.8 Transmutations
 + Level 5.7 Invocations
 + Level 4.6 Shapeshifting


You had 20 spell levels left.
You knew the following spells:

 Your Spells              Type           Power      Damage    Failure   Level
a - Wereblood             Tmut           24%        N/A       1%          2

Your spell library contained the following spells:

 Spells                   Type           Power      Damage    Failure   Level
 Foxfire                  Conj/Fire      12%        2x1d4     38%         1
 Necrotise                Necr           12%        1d4       38%         1
 Slow                     Hex            12%        N/A       38%         1
 Blink                    Tloc           6%         N/A       54%         2
 Lesser Beckoning         Tloc           6%         N/A       54%         2
 Sublimation of Blood     Necr           3%         N/A       54%         2
 Confusing Touch          Hex            3%         N/A       77%         3
 Dazzling Flash           Conj/Hex       6%         N/A       77%         3
 Gell's Gravitas          Tloc           3%         N/A       77%         3
 Sigil of Binding         Hex            3%         N/A       77%         3
 Teleport Other           Tloc           3%         N/A       77%         3
 Vampiric Draining        Necr           3%         2d6       77%         3
 Manifold Assault         Tloc           3%         N/A       99%         4
 Agony                    Necr           3%         N/A       100%        5
 Silence                  Hex/Air        1%         N/A       100%        5
 Plasma Beam              Fire/Air       1%         2x1d11    100%        6
 Starburst                Conj/Fire      1%         6d3       100%        6
 Summon Hydra             Summ           1%         N/A       100%        7

Inventory:

Hand Weapons
 t - the +9 war axe of Valiance (weapon) {flame, +Blink, axe}
   (You found it on level 9 of the Dungeon)

   +Blink:    It lets you blink.
 E - a +4 short sword of protection {short}
   (You took it off Duvessa on level 5 of the Dungeon)
Missiles
 l - 26 stones {throwing}
 w - 3 poisoned darts {throwing}
 P - 2 curare-tipped darts {=fthrowing}
Armour
 a - a +0 leather armour
   (You found it on level 10 of the Dungeon)
 c - a +0 buckler
 f - a +0 plate armour
   (You took it off an orc warrior on level 10 of the Dungeon)
 m - the +2 pair of boots of Xom's Wrath {rC+ rCorr Slay-6}
   (You found it on level 1 of the Lair of Beasts)

   Slay-6:    It affects your accuracy & damage with ranged weapons and melee
   (-6).
   rC+:       It protects you from cold.
   rCorr:     It protects you from acid and corrosion.
 y - a +2 hat (worn)
   (You took it off Gastronok on level 8 of the Dungeon)
 D - +0 swamp dragon scales
   (You took it off Maggie on level 8 of the Dungeon)
 F - a +3 leather armour of willpower (worn)
   (You took it off Duvessa on level 5 of the Dungeon)
 S - a +0 kite shield (worn)
   (You found it on level 6 of the Dungeon)
 V - a +0 cloak (worn)
   (You bought it in a shop on level 10 of the Dungeon)
Magical Staves
 Z - a staff of death {forbidden!astaff}
   (You took it off a centaur on level 8 of the Dungeon)
Jewellery
 k - a ring of resist corrosion
   (You found it on level 1 of the Lair of Beasts)
 q - a ring of positive energy
   (You found it on level 1 of the Lair of Beasts)
 v - a +4 ring of protection (left hand)
   (You found it on level 3 of the Dungeon)
 J - a +5 ring of evasion (right hand)
   (You found it on level 2 of the Lair of Beasts)
 X - a ring of willpower
   (You found it on level 9 of the Dungeon)
Talismans
 O - a granite talisman
   (You found it on level 9 of the Dungeon)
Wands
 A - a wand of iceblast (9)
   (You took it off Pikel on level 7 of the Dungeon)
 G - a wand of charming (12)
   (You took it off a gnoll on level 7 of the Dungeon)
 H - a wand of polymorph (12)
   (You took it off Dowan on level 5 of the Dungeon)
 L - a wand of light (14)
   (You took it off Psyche on level 8 of the Dungeon)
 N - a wand of flame (16)
   (You found it on level 5 of the Dungeon)
Scrolls
 h - 3 scrolls of poison {!r}
 j - 2 scrolls of brand weapon {unknown}
 o - 2 scrolls of immolation {!r!r}
 p - 2 scrolls of amnesia
 s - 3 scrolls of noise {!r}
 u - 5 scrolls of teleportation {@r4}
 x - 2 scrolls of butterflies {unknown}
 B - 2 scrolls of vulnerability {!r!r}
 Q - a scroll of torment {unknown}
 R - a scroll of enchant weapon {unknown}
 U - a scroll of acquirement {unknown}
Potions
 b - 4 potions of magic
 d - 3 potions of might
 e - 4 potions of resistance
 g - 10 potions of curing {@q1}
 i - a potion of attraction {!q}
 n - 8 potions of heal wounds {@q2}
 r - 5 potions of lignification {!q}
 z - 2 potions of invisibility
 C - 2 potions of mutation {unknown}
 I - a potion of berserk rage {unknown}
 M - 2 potions of degeneration {unknown}
 W - 2 potions of cancellation {unknown}
 Y - a potion of haste {unknown}

Dungeon Overview and Level Annotations

Branches:
Dungeon (10/15) Zot: 26080  Temple (1/1) D:4 Zot: 5973    Lair (2/5) D:10 Zot: 10447
 Shoals (0/4) Lair:2       Spider (0/4) Lair:2       Bailey (visited)
Volcano (1/1) Zot: 5713
    Orc: D:9-12

Altars:
Ashenzari
Cheibriados
Dithmenos
Elyvilon
Fedhas
Gozag
Hepliaklqana
Kikubaaqudgha
Makhleb
Nemelex Xobeh
Okawaru
Qazlal
Ru
Sif Muna
Trog
Uskayaw
Vehumet
Wu Jian
Xom
Yredelemnul
Zin
The Shining One

Shops:
D:2 [   D:7 : D:10

[ ≈§≈≈§≈≈≈≈≈≈≈≈...##
§≈≈≈≈≈§≈§§§§≈§...#
§§§≈§≈≈≈≈≈§≈§§...# .
§§≈≈≈≈≈§§≈§≈≈..### ..
§§≈≈≈§≈≈§§≈≈...# ..#
≈§≈≈≈≈≈≈≈≈≈..### ..#
≈≈≈≈§≈≈≈§§≈..### ..#
§§≈≈≈≈≈≈≈≈....8###..#
≈§§≈≈≈≈≈≈§......@NN∩#
..≈≈§≈≈≈≈.....8###..#
##.≈≈≈≈≈....#### ..#
......### ..# ######
..# .. .


You could see 2 salamanders.


Message History

You block the fire bat's attack. 😕 HP[+1]
You hit the fire bat. Your bite misses the fire bat.
The fire bat misses you. 😕 HP[+1]
You block the fire bat's attack. 😕 HP[+1] MP[+1] Why would you want to do that?
The fire bat barely misses you. 😕 HP[+1]
You hit the fire bat. Your bite misses the fire bat.
You block the fire bat's attack. 😕 HP[+2]
You regained 2 hp, and now have 61/70 hp.
You completely miss the fire bat.
The fire bat barely misses you. 😕 HP[+1]
You hit the fire bat. Your bite misses the fire bat.
You block the fire bat's attack. 😕 HP[+2] MP[+1]
You regained 2 hp, and now have 64/70 hp.
The fire bat closely misses you. 😕 HP[+1]
The fire bat bites you but does no damage. 😕 HP[+1]
You slash the fire bat!
You kill the fire bat! 😕 HP[+2]
You regained 2 hp, and now have 68/70 hp. 😕 HP[+1] 😎 HP[+1] MP[+1]
Your hp is fully restored (70). 😎 MP[+1]
A fire bat comes into view.
You block the fire bat's attack.
You slash the fire bat! Your bite misses the fire bat. The fire bat misses you.
The fire bat bites you but does no damage.
You hit the fire bat. You bite the fire bat.
You kill the fire bat!
The air gets thick with the scent of sulphur. 😎 MP[+1] In the distance, the volcano erupts with a roar. 😎 MP[+1] 😎 MP[+1] 😎 MP[+1] 😎 MP[+1]
Your mp is fully restored (22).
Casting: Wereblood (safe; 1% risk of failure)
Confirm with . or Enter, or press ? or * to list all spells.
Your blood is infused with primal strength. 😎 MP[-2]
You lost 2 mp, and now have 20/22 mp.
You open the door. 2 salamanders come into view.
A salamander is wielding a +2 trident of protection.
Found a rocky tunnel leading out of this place.
You block the salamander's attack.
The salamander hits you from afar with a +2 trident of protection!
You are engulfed in flames! 😕 HP[-17] MP[-4]
You take 17 damage, and now have 53/70 hp.
MASSIVE DAMAGE!! (PAUSE)
You lost 4 mp, and now have 16/22 mp.
You hit the salamander. You bite the salamander! You drain its power.
You feel invigorated. You block the salamander's attack. x2
The salamander hits you with a +0 halberd!
You are engulfed in flames!
* * * LOW HITPOINT WARNING * * *
The salamander hits you from afar with a +2 trident of protection!
* * * LOW HITPOINT WARNING * * *
You are engulfed in flames!
* * * LOW HITPOINT WARNING * * *
😨 HP[-33] MP[-8]
You take 33 damage, and now have 20/70 hp.
MASSIVE DAMAGE!! (PAUSE)
You lost 8 mp, and now have 8/22 mp.
You slash the salamander!
The salamander hits you but does no damage.
The salamander closely misses you. 😨 HP[+2]
You regained 2 hp, and now have 22/70 hp.
You slash the salamander!
You bite the salamander, but do no damage.
You block the salamander's attack. x2
The salamander hits you from afar with a +2 trident of protection.
* * * LOW HITPOINT WARNING * * *
You are engulfed in flames!
* * * LOW HITPOINT WARNING * * *
The salamander hits you but does no damage. 😱 HP[-8] MP[-4]
You take 8 damage, and now have 14/70 hp.
You lost 4 mp, and now have 4/22 mp.
You slash the salamander! The salamander closely misses you.
The salamander hits you but does no damage. 😱 HP[+2]
You regained 2 hp, and now have 16/70 hp.
Your shield is strengthened by the Shining One's divine power.
You block the salamander's attack.
The salamander hits you from afar with a +2 trident of protection!
* * * LOW HITPOINT WARNING * * *
You are engulfed in flames!
You die...

Skill      XL: |  1  2  3  4  5  6  7  8  9 10 11 12 13 |
---------------+----------------------------------------+-----
Short Blades   | 2 3 4 6 7 8 |  8.0
Fighting       | 3 4 5 6 7 9 |  9.0
Shields        | 3 4 5 6 7 8 9 |  9.9
Spellcasting   | 1 2 4 5 |  5.3
Armour         | 3 4 5 |  5.0
Transmutations | 2 4 6 7 8 |  8.8
Invocations    | 2 5 |  5.7
Shapeshifting  | 1 4 |  4.6
Axes           | 1 4 |  4.6

Action                     |  1- 3 |  4- 6 |  7- 9 | 10-12 | 13-15 || total
---------------------------+-------+-------+-------+-------+-------++-------
  Melee: Rapier            |   101 |   187 |   125 |       |       ||   413
         Bite              |    25 |    48 |   165 |   270 |    20 ||   528
         Short sword       |       |       |   309 |   365 |       ||   674
         War axe           |       |       |       |   191 |    52 ||   243
   Cast: Wereblood         |       |       |       |    27 |     3 ||    30
 Invoke: Divine Shield     |       |       |       |       |     1 ||     1
    Use: Scroll            |       |     1 |     5 |    11 |       ||    17
         Potion            |       |       |     2 |     3 |       ||     5
 Armour: Scale mail        |    57 |   123 |    86 |       |       ||   266
         Leather armour    |       |       |   154 |   414 |    45 ||   613
  Dodge: Dodged            |    46 |    98 |   129 |   220 |    45 ||   538
  Block: Buckler           |    21 |    31 |    37 |       |       ||    89
         Kite shield       |       |       |    79 |   285 |    52 ||   416

Levels and vault maps discovered:
D:1:      dpeg_arrival_oval, layout_loops_ring, chequers_ecumenical_altar_island
D:2:      layout_loops_cross, serial_shops, shop, grunt_ministairs_11,
          nicolae_underground_beach
D:3:      layout_basic, minitemple
D:4:      layout_basic, minmay_temple_entry_butterflies, minmay_fountain_box
D:5:      layout_loops_ring, uniq_duvessa
D:6:      layout_basic, uniq_edmund
D:7:      layout_basic, nicolae_shop_self_help, uniq_joseph, uniq_menkaure,
          uniq_pikel
D:8:      layout_loops_corners, minmay_the_grid_2x2 [minmay_the_grid_x,
          minmay_the_grid_paths, minmay_the_grid_outer_circle,
          minmay_the_grid_prize_big_room], uniq_maggie, uniq_psyche,
          uniq_gastronok
D:9:      layout_basic, enter_bailey_8
D:10:     layout_rooms, nicolae_overflow_squiral, vehumet_statue,
          grunt_lair_entry_orc_guard_hut, serial_shops,
          nicolae_shop_rolling_square
Temple:   nicolae_temple_bog_church
Lair:1:   layout_loops_ring, basic_altar
Lair:2:   layout_cave_pods, minmay_shoals_entry_beasts,
          nicolae_spider_entry_non_spiders, nicolae_volcano_entry_two_sided
Volcano:  volcano_grotto [vgs_dualism]

Notes
Turn   | Place    | Note
-------+----------+-------------------------------------------
     0 | D:1      | mcwallace the Vine Stalker Fighter began the quest for the
                  | Orb.
     0 | D:1      | Reached XP level 1. HP: 11/11 MP: 2/2
     0 | D:1      | magus.rc [v1.9.6]
    33 | D:1      | You pick up a book of Debilitation and begin reading...
    33 | D:1      | You add the spells Slow, Sigil of Binding, Vampiric
                  | Draining and Confusing Touch to your library.
   234 | D:1      | Reached XP level 2. HP: 16/16 MP: 3/3
   301 | D:1      | Reached skill level 2 in Short Blades
   358 | D:1      | Found a faded altar of an unknown god.
   879 | D:2      | Reached skill level 3 in Fighting
   879 | D:2      | Reached skill level 3 in Shields
   879 | D:2      | Reached skill level 1 in Spellcasting
   879 | D:2      | Reached XP level 3. HP: 20/20 MP: 3/5
   959 | D:2      | Found Urgho's Armour Boutique.
  1142 | D:2      | Reached XP level 4. HP: 24/24 MP: 6/6
  1666 | D:3      | Reached skill level 3 in Armour
  1666 | D:3      | Reached XP level 5. HP: 27/28 MP: 3/8
  1912 | D:3      | Found a basalt altar of Yredelemnul.
  1914 | D:3      | Found a blossoming altar of Fedhas.
  1918 | D:3      | Found a glowing silver altar of Zin.
  1919 | D:3      | Found a bloodstained altar of Trog.
  1925 | D:3      | Found a snail-covered altar of Cheibriados.
  1926 | D:3      | Found a broken altar of Ashenzari.
  1927 | D:3      | Found an opulent altar of Gozag.
  1928 | D:3      | Found a hazy altar of Hepliaklqana.
  2097 | D:3      | You pick up a book of Fire and begin reading...
  2097 | D:3      | You add the spells Foxfire, Plasma Beam and Starburst to
                  | your library.
  2119 | D:3      | You pick up a book of Blood and begin reading...
  2119 | D:3      | You add the spells Sublimation of Blood, Wereblood and
                  | Summon Hydra to your library.
  2158 | D:3      | Reached skill level 2 in Spellcasting
  2340 | D:4      | Reached XP level 6. HP: 25/32 MP: 5/10
  2423 | D:4      | Found a staircase to the Ecumenical Temple.
  2440 | Temple   | Entered the Ecumenical Temple
  2453 | Temple   | Became a worshipper of the Shining One
  2483 | D:4      | You pick up a book of Necromancy {forbidden} and begin
                  | reading...
  2483 | D:4      | You add the spells Necrotise and Agony to your library.
  2507 | D:4      | Noticed a black bear
  2521 | D:4      | Killed a black bear
  2522 | D:4      | Reached skill level 3 in Short Blades
  2522 | D:4      | Reached skill level 1 in Transmutations
  2767 | D:4      | Reached skill level 4 in Fighting
  2767 | D:4      | Reached skill level 4 in Shields
  2767 | D:4      | Reached skill level 2 in Transmutations
  2767 | D:4      | Reached XP level 7. HP: 36/37 MP: 11/11
  3140 | D:4      | You fall into a shaft and drop 1 floor!
  3140 | D:5      | Entered Level 5 of the Dungeon
  3536 | D:5      | Reached skill level 4 in Armour
  3626 | D:5      | Noticed Duvessa
  3669 | D:5      | HP: 9/38 [Duvessa/+4 short sword of protection (8)]
  3671 | D:5      | Killed Duvessa
  3672 | D:5      | Gained mutation: You have razor-sharp teeth. [Vine Stalker
                  | growth]
  3672 | D:5      | Reached XP level 8. HP: 13/42 MP: 5/12
  3672 | D:5      | Noticed Dowan
  3677 | D:5      | Killed Dowan
  3678 | D:5      | Reached skill level 4 in Short Blades
  3678 | D:5      | Reached skill level 3 in Transmutations
  4275 | D:6      | Reached skill level 5 in Fighting
  4275 | D:6      | Reached skill level 5 in Shields
  4323 | D:6      | Noticed Edmund
  4347 | D:6      | Killed Edmund
  4348 | D:6      | Reached skill level 4 in Transmutations
  4422 | D:6      | Reached * piety under the Shining One
  4432 | D:6      | Reached XP level 9. HP: 47/47 MP: 13/13
  4534 | D:6      | Reached skill level 5 in Short Blades
  4534 | D:6      | Reached skill level 5 in Armour
  5046 | D:7      | Noticed Joseph
  5074 | D:7      | Killed Joseph
  5075 | D:7      | Reached skill level 5 in Transmutations
  5129 | D:7      | Noticed a troll
  5151 | D:7      | Killed a troll
  5152 | D:7      | Reached skill level 6 in Fighting
  5298 | D:7      | Noticed Menkaure
  5310 | D:7      | Killed Menkaure
  5322 | D:7      | Reached skill level 6 in Shields
  5335 | D:7      | Reached skill level 6 in Short Blades
  5671 | D:7      | Found Dipoum's Self-Improvement Boutique.
  5678 | D:7      | Noticed Pikel
  5678 | D:7      | Reached ** piety under the Shining One
  5695 | D:7      | Killed Pikel
  5696 | D:7      | Reached skill level 6 in Transmutations
  5696 | D:7      | Reached XP level 10. HP: 51/53 MP: 11/14
  6021 | D:8      | Noticed a cyclops
  6026 | D:8      | Learned a level 2 spell: Wereblood
  6037 | D:8      | Killed a cyclops
  6092 | D:8      | Noticed an unseen horror
  6094 | D:8      | Noticed a centaur warrior
  6094 | D:8      | Noticed a six-headed hydra
  6098 | D:8      | Noticed a boulder beetle
  6100 | D:8      | HP: 12/53 [orc priest/divine providence (7)]
  6108 | D:8      | HP: 4/53 [centaur warrior/arrow (16)]
  6133 | D:8      | Killed an unseen horror
  6168 | D:8      | HP: 12/53 [six-headed hydra (3)]
  6170 | D:8      | Killed a six-headed hydra
  6171 | D:8      | Reached skill level 7 in Fighting
  6310 | D:8      | Noticed a centaur warrior
  6321 | D:8      | Killed a centaur warrior
  6322 | D:8      | Reached skill level 7 in Short Blades
  6322 | D:8      | Reached skill level 7 in Shields
  6322 | D:8      | Reached skill level 7 in Transmutations
  6331 | D:8      | Killed a centaur warrior
  6341 | D:8      | Reached XP level 11. HP: 59/59 MP: 15/15
  6366 | D:8      | Killed a boulder beetle
  6403 | D:8      | Noticed a skeletal warrior
  6420 | D:8      | HP: 10/60 [skeletal warrior/+1 dire flail (13)]
  6421 | D:8      | HP: 3/60 [skeletal warrior/+1 dire flail (8)]
  6606 | D:8      | Noticed Gastronok
  6635 | D:8      | Reached skill level 8 in Fighting
  6662 | D:8      | Killed Gastronok
  6663 | D:8      | Reached skill level 8 in Transmutations
  6746 | D:8      | Noticed Psyche
  6751 | D:8      | Noticed Maggie
  6762 | D:8      | Killed Psyche
  6763 | D:8      | Reached skill level 8 in Shields
  6783 | D:8      | Killed Maggie
  6784 | D:8      | Reached skill level 8 in Short Blades
  7058 | D:8      | HP: 10/60 [skeletal warrior/+1 dire flail (12)]
  7068 | D:8      | Killed a skeletal warrior
  7394 | D:9      | Found a flagged portal.
  7428 | Bailey   | Entered a bailey
  7624 | Bailey   | Noticed an orc knight
  7639 | Bailey   | Killed an orc knight
  7640 | Bailey   | Reached skill level 1 in Invocations
  7966 | D:9      | Paralysed by a hornet for 3 turns
  8070 | D:9      | You pick up a book of the Senses and begin reading...
  8070 | D:9      | You add the spells Dazzling Flash and Silence to your
                  | library.
  8183 | D:9      | Reached skill level 2 in Invocations
  8206 | D:9      | Identified the +9 war axe of Valiance {flame, +Blink}
  8705 | D:10     | Entered Level 10 of the Dungeon
  8745 | D:10     | Reached *** piety under the Shining One
  8846 | D:10     | Found Gasm's Armour Boutique.
  8851 | D:10     | Bought a +0 cloak for 54 gold pieces
  8924 | D:10     | You pick up a book of Displacement and begin reading...
  8924 | D:10     | You add the spells Lesser Beckoning, Gell's Gravitas and
                  | Teleport Other to your library.
  8977 | D:10     | Found an iron altar of Okawaru.
  8980 | D:10     | Found an ornate altar of the Wu Jian Council.
  9031 | D:10     | Reached skill level 9 in Fighting
  9031 | D:10     | Reached skill level 1 in Shapeshifting
  9079 | D:10     | Found a radiant altar of Vehumet.
  9219 | D:10     | Reached skill level 1 in Axes
  9239 | D:10     | Found a staircase to the Lair.
  9247 | D:10     | Reached XP level 12. HP: 32/66 MP: 7/16
  9352 | D:10     | You add the spells Blink and Manifold Assault to your
                  | library.
  9592 | Lair:1   | Entered Level 1 of the Lair of Beasts
  9640 | Lair:1   | Identified the +2 pair of boots of Xom's Wrath {rC+ rCorr
                  | Slay-6}
  9645 | Lair:1   | Reached skill level 3 in Invocations
  9709 | Lair:1   | Reached skill level 2 in Shapeshifting
  9714 | Lair:1   | Reached skill level 2 in Axes
  9714 | Lair:1   | Reached skill level 9 in Shields
  9780 | Lair:1   | Reached skill level 3 in Spellcasting
  9797 | Lair:1   | Found a hide-covered altar of Uskayaw.
  9860 | Lair:1   | Reached skill level 4 in Invocations
  9906 | Lair:1   | Reached skill level 3 in Shapeshifting
  9909 | Lair:1   | Reached skill level 3 in Axes
 10012 | Lair:1   | Reached skill level 4 in Spellcasting
 10488 | Lair:2   | HP: 4/66 [torpor snail (13)]
 10667 | Lair:2   | Reached skill level 5 in Invocations
 10676 | Lair:2   | Reached skill level 4 in Shapeshifting
 10729 | Lair:2   | Reached skill level 4 in Axes
 10770 | Lair:2   | Found a staircase to the Shoals.
 10861 | Lair:2   | Reached XP level 13. HP: 70/70 MP: 21/21
 10868 | Lair:2   | Reached skill level 5 in Spellcasting
 10993 | Lair:2   | Found a hole to the Spider Nest.
 11046 | Lair:2   | Found a dark tunnel.
 11054 | Volcano  | Entered a volcano
 11326 | Volcano  | HP: 14/70 [salamander/+2 trident of protection (7)]
 11328 | Volcano  | Mangled by a salamander

Vanquished Creatures
  Gastronok (D:8)
  2 hydras
  2 centaur warriors (D:8)
  A boulder beetle (D:8)
  A skeletal warrior (D:8)
  Pikel (D:7)
  An orc knight (Bailey)
  A manticore (Lair:2)
  A cyclops (D:8)
  4 elephants
  A black mamba (Lair:1)
  A torpor snail (Lair:2)
  Joseph (D:7)
  7 cane toads
  Maggie (D:8)
  Psyche (D:8)
  An unseen horror (D:8)
  2 komodo dragons
  A troll (D:7)
  A wind drake (Lair:2)
  A meliai (D:8)
  2 hornets (D:9)
  7 blink frogs
  2 wraiths (D:10)
  23 yaks
  5 fire bats (Volcano)
  A wyvern (D:8)
  A vampire mosquito (D:8)
  A basilisk (Lair:1)
  Menkaure (D:7)
  Edmund (D:6)
  3 water moccasins
  Duvessa (D:5)
  2 orc warriors
  4 ogres
  5 black bears
  6 wolves (Lair:2)
  3 centaurs
  3 phantoms
  A lemure (D:7)
  A kobold brigand (D:6)
  9 bullfrogs
  A gnoll sergeant (D:10)
  12 scorpions
  5 wights (D:8)
  Dowan (D:5)
  2 jellies
  5 killer bees
  8 howler monkeys
  An electric eel (D:10)
  3 hounds
  5 lava snakes (Volcano)
  5 orc priests
  2 gnoll boudas
  3 iguanas
  A sleepcap (D:4)
  7 orc wizards
  A statue (D:10)
  26 gnolls
  9 adders
  A shadow imp (D:7)
  4 ufetubi
  4 worms
  3 dart slugs
  36 orcs
  4 bats
  5 endoplasms
  4 giant cockroaches
  6 goblins
  4 hobgoblins
  2 jackals (D:1)
  7 kobolds
  2 quokkas
  6 ball pythons
  2 frilled lizards
  4 rats
306 creatures vanquished.

Vanquished Creatures (others)
  An orc wizard (D:5)
1 creature vanquished.

Grand Total: 307 creatures vanquished

Table legend:
 A = Non-vault XP
 B = Vault XP
 C = Vault XP percentage of total XP
 D = Non-vault monster count
 E = Vault monster count
 F = Vault count percentage of total count
                 A         B        C        D         E       F
            +---------+---------+-------+---------+---------+-------
      Total |   21848 |   13579 |  38.3 |     234 |      71 |  23.3
            +---------+---------+-------+---------+---------+-------
        D:1 |      26 |       0 |   0.0 |      13 |       0 |   0.0
        D:2 |      61 |       4 |   6.2 |      13 |       2 |  13.3
        D:3 |     150 |       0 |   0.0 |      18 |       0 |   0.0
        D:4 |     655 |       0 |   0.0 |      21 |       0 |   0.0
        D:5 |     602 |     214 |  26.2 |      21 |       2 |   8.7
        D:6 |    1017 |     154 |  13.2 |      29 |       1 |   3.3
        D:7 |    1128 |    1243 |  52.4 |      23 |       3 |  11.5
        D:8 |     935 |    8234 |  89.8 |      15 |      17 |  53.1
        D:9 |    1994 |       0 |   0.0 |      16 |       0 |   0.0
       D:10 |     726 |     582 |  44.5 |       9 |       6 |  40.0
     Lair:1 |    8712 |       0 |   0.0 |      31 |       0 |   0.0
     Lair:2 |    5842 |    1224 |  17.3 |      25 |       9 |  26.5
     Bailey |       0 |     732 | 100.0 |       0 |      21 | 100.0
    Volcano |       0 |    1192 | 100.0 |       0 |      10 | 100.0
            +---------+---------+-------+---------+---------+-------

Skill      XL: |  1  2  3  4  5  6  7  8  9 10 11 12 13 |
---------------+----------------------------------------+-----
Short Blades   | 2 3 4 6 7 8 |  8.0
Fighting       | 3 4 5 6 7 9 |  9.0
Shields        | 3 4 5 6 7 8 9 |  9.9
Spellcasting   | 1 2 4 5 |  5.3
Armour         | 3 4 5 |  5.0
Transmutations | 2 4 6 7 8 |  8.8
Invocations    | 2 5 |  5.7
Shapeshifting  | 1 4 |  4.6
Axes           | 1 4 |  4.6

Action                     |  1- 3 |  4- 6 |  7- 9 | 10-12 | 13-15 || total
---------------------------+-------+-------+-------+-------+-------++-------
  Melee: Rapier            |   101 |   187 |   125 |       |       ||   413
         Bite              |    25 |    48 |   165 |   270 |    20 ||   528
         Short sword       |       |       |   309 |   365 |       ||   674
         War axe           |       |       |       |   191 |    52 ||   243
   Cast: Wereblood         |       |       |       |    27 |     3 ||    30
 Invoke: Divine Shield     |       |       |       |       |     1 ||     1
    Use: Scroll            |       |     1 |     5 |    11 |       ||    17
         Potion            |       |       |     2 |     3 |       ||     5
 Armour: Scale mail        |    57 |   123 |    86 |       |       ||   266
         Leather armour    |       |       |   154 |   414 |    45 ||   613
  Dodge: Dodged            |    46 |    98 |   129 |   220 |    45 ||   538
  Block: Buckler           |    21 |    31 |    37 |       |       ||    89
         Kite shield       |       |       |    79 |   285 |    52 ||   416

Illustrated notes

Table legend:
 A = Kills in this place as a percentage of kills in the entire game.
 B = Kills by you in this place as a percentage of kills by you in the entire game.
 C = Kills by friends in this place as a percentage of kills by friends in the entire game.
 D = Other kills in this place as a percentage of other kills in the entire game.
 E = Experience gained in this place as a percentage of experience gained in the entire game.
 F = Experience gained in this place divided by the number of levels of this place that you have seen.
                   A       B       C       D       E      F
               +-------+-------+-------+-------+-------+----------------------
         Total | 100.0 | 100.0 |   N/A |   N/A | 100.0 | 2361.8
       Dungeon |  68.5 |  68.5 |   N/A |   N/A |  50.0 | 1772.5
          Lair |  21.3 |  21.3 |   N/A |   N/A |  44.5 | 7889.0
        Bailey |   6.9 |   6.9 |   N/A |   N/A |   2.1 | 732.0
       Volcano |   3.3 |   3.3 |   N/A |   N/A |   3.4 | 1192.0
               +-------+-------+-------+-------+-------+----------------------

Table legend: (Time is in decaauts)
 A = Elapsed time spent in this place.
 B = Non-inter-level travel time spent in this place.
 C = Inter-level travel time spent in this place.
 D = Time resting spent in this place.
 E = Time spent auto-exploring this place.
 F = Levels seen in this place.
 G = Mean time per level.
                   A        B        C        D        E       F      G
               +--------+--------+--------+--------+--------+-----+--------+
         Total |  11369 |  10877 |    492 |    320 |   7023 |  15 |  757.9 |
       Dungeon |   9058 |   8608 |    450 |    203 |   6153 |  10 |  905.8 |
        Temple |     26 |     15 |     11 |      0 |      0 |   1 |   26.0 |
          Lair |   1552 |   1521 |     31 |     94 |    638 |   2 |  776.0 |
        Bailey |    445 |    445 |      0 |      0 |    189 |   1 |  445.0 |
       Volcano |    285 |    285 |      0 |     23 |     43 |   1 |  285.0 |
               +--------+--------+--------+--------+--------+-----+--------+

Top non-repeatable levels by time:
     D:8: 1229 daAuts
     D:4: 1017 daAuts
     D:7: 965 daAuts
  Lair:1: 965 daAuts
     D:9: 927 daAuts
    D:10: 908 daAuts
     D:5: 847 daAuts
     D:6: 820 daAuts
     D:1: 801 daAuts
     D:3: 795 daAuts
     D:2: 745 daAuts
  Lair:2: 587 daAuts
  Bailey: 445 daAuts
 Volcano: 285 daAuts
  Temple: 26 daAuts
